TOP OF THE 1ST |
---|
Bismarck Barons batting - Pitching for Red Deer Wranglers : RHP José Fernández | Pitching: RHP José Fernández | | Batting: RHB Rubén Palma | 0-0: Called Strike 0-1: Called Strike 0-2: Ball 1-2: Foul Ball, location: 2F 1-2: Foul Ball, location: 2F 1-2: Strikes out swinging | Batting: RHB Fernando Castellanos | 0-0: Called Strike 0-1: Foul Ball, location: 2F 0-2: Foul Ball, location: 2F 0-2: Foul Ball, location: 2F 0-2: Ball 1-2: Foul Ball, location: 2F 1-2: Ball 2-2: Foul Ball, location: 2F 2-2: Foul Ball, location: 2F 2-2: Foul Ball, location: 2F 2-2: Foul Ball, location: 2F 2-2: SOLO HOME RUN (Flyball, 9D), Distance : 347 ft | Batting: LHB Brian Easdale | 0-0: Swinging Strike 0-1: Ball 1-1: Foul Ball, location: 2F 1-2: Ball 2-2: Fly out, F8 (Flyball, 8LXD) | Batting: LHB Jorge Fernández | 0-0: Ball 1-0: Ball 2-0: Ball 3-0: Foul Ball, location: 2F 3-1: SINGLE (Groundball, 34D) | Batting: RHB Eugenio Maldonado | 0-0: Ball 1-0: Ground out 6-3 (Groundball, 6MD) | Top of the 1st over - 1 run, 2 hits, 0 errors, 1 left on base; Bismarck 1 - Red Deer 0 | BOTTOM OF THE 1ST |
---|
Red Deer Wranglers batting - Pitching for Bismarck Barons : LHP César Galván | Pitching: LHP César Galván | | Batting: RHB Julián García | 0-0: Ball 1-0: Swinging Strike 1-1: Ball 2-1: Ball 3-1: Base on Balls | Batting: RHB Joe Lewis | 0-0: Ball 1-0: SINGLE (Groundball, 6MD) Julián García to second Runner from 2nd tries for 3rd, SAFE, no throw | Pitching: RHP Elias Bednell | | Batting: LHB Edgar López | 0-0: Ball 1-0: Ball 2-0: Called Strike 2-1: Fly out, F9 (Flyball, 9LD) Runner from 3rd tags up, SCORES, throw made | Batting: LHB Jorge Olvera | 0-0: Called Strike 0-1: Fly out, F9 (Flyball, 9LSF) | Batting: RHB Pedro Cabrera | 0-0: Ball 1-0: Ball 2-0: Ball 3-0: Called Strike 3-1: Called Strike 3-2: SINGLE (Flyball, 9LS) Joe Lewis to second Joe Lewis to third | Batting: RHB Ismael Ortíz | 0-0: Ball 1-0: Ball 2-0: Ball 3-0: Base on Balls Pedro Cabrera to second | Batting: SHB Robbie Rhodes | 0-0: Ball 1-0: Foul Ball, location: 2F 1-1: Ball 2-1: Ball 3-1: Base on Balls Joe Lewis scores Pedro Cabrera to third Ismael Ortíz to second | Batting: RHB Xavier López | 0-0: Ball 1-0: Ball 2-0: Called Strike 2-1: Fly out, F7 (Line Drive, 7S) | Bottom of the 1st over - 2 runs, 2 hits, 0 errors, 3 left on base; Bismarck 1 - Red Deer 2 | TOP OF THE 2ND |
---|
Bismarck Barons batting - Pitching for Red Deer Wranglers : RHP José Fernández | Batting: LHB Orlando Hernández | 0-0: Foul Ball, location: 2F 0-1: Called Strike 0-2: Foul Ball, location: 2F 0-2: Ball 1-2: Ground out 3-1 (Groundball, 34S) | Batting: RHB José Ruíz | 0-0: Called Strike 0-1: Ball 1-1: Called Strike 1-2: Strikes out swinging | Batting: RHB Xie-li Fong | 0-0: Fly out, F9 (Flyball, 9S) | Top of the 2nd over - 0 runs, 0 hits, 0 errors, 0 left on base; Bismarck 1 - Red Deer 2 | BOTTOM OF THE 2ND |
---|
Red Deer Wranglers batting - Pitching for Bismarck Barons : RHP Elias Bednell | Batting: LHB Héctor Santos | 0-0: Called Strike 0-1: Called Strike 0-2: Foul Ball, location: 2F 0-2: Ball 1-2: Ball 2-2: Ball 3-2: Foul Ball, location: 2F 3-2: Base on Balls | Batting: RHB Julián García | 0-0: Ground out U3 (Groundball, 3S) Héctor Santos to second | Batting: RHB Joe Lewis | 0-0: Called Strike 0-1: Swinging Strike 0-2: Ball 1-2: DOUBLE (Flyball, 8LXD) Héctor Santos scores | Batting: LHB Edgar López | 0-0: Ball 1-0: Ball 2-0: Foul Ball, location: 2F 2-1: Called Strike 2-2: Ball 3-2: Foul Ball, location: 2F 3-2: Strikes out swinging | Batting: LHB Jorge Olvera | 0-0: Swinging Strike 0-1: Ball 1-1: Foul Ball, location: 2F 1-2: Strikes out swinging | Bottom of the 2nd over - 1 run, 1 hit, 0 errors, 1 left on base; Bismarck 1 - Red Deer 3 | TOP OF THE 3RD |
---|
Bismarck Barons batting - Pitching for Red Deer Wranglers : RHP José Fernández | Batting: RHB Pedro García | 0-0: Ball 1-0: Ball 2-0: Swinging Strike 2-1: Ball 3-1: Foul Ball, location: 2F 3-2: SOLO HOME RUN (Flyball, 7D), Distance : 348 ft | Batting: RHB Rubén Palma | 0-0: Swinging Strike 0-1: Called Strike 0-2: Ball 1-2: Foul Ball, location: 2F 1-2: Strikes out swinging | Batting: RHB Fernando Castellanos | 0-0: Foul Ball, location: 2F 0-1: Ball 1-1: Foul Ball, location: 2F 1-2: Foul Ball, location: 2F 1-2: Ball 2-2: Strikes out swinging | Batting: LHB Brian Easdale | 0-0: Swinging Strike 0-1: SINGLE (Groundball, 4MD) | Batting: LHB Jorge Fernández | 0-0: Called Strike Brian Easdale steals 2nd base 0-1: SINGLE (Line Drive, 6MD) Brian Easdale to third Runner from 3rd tries for Home, SAFE, no throw | Batting: RHB Eugenio Maldonado | 0-0: Called Strike 0-1: Foul Ball, location: 2F 0-2: Ball 1-2: Foul Ball, location: 2F 1-2: Fly out, F9 (Flyball, 9LSF) | Top of the 3rd over - 2 runs, 3 hits, 0 errors, 1 left on base; Bismarck 3 - Red Deer 3 | BOTTOM OF THE 3RD |
---|
Red Deer Wranglers batting - Pitching for Bismarck Barons : RHP Elias Bednell | Batting: RHB Pedro Cabrera | 0-0: Ball 1-0: Ball 2-0: Ground out 1-3 (Groundball, 15) | Batting: RHB Ismael Ortíz | 0-0: Called Strike 0-1: Ball 1-1: Ball 2-1: Ball 3-1: SINGLE (Groundball, 4MD) | Batting: SHB Robbie Rhodes | 0-0: Ball 1-0: SINGLE (Line Drive, 78S) Ismael Ortíz to second | Pitching: RHP Kyle Horton | | Batting: RHB Xavier López | 0-0: Foul Ball, location: 2F 0-1: Ball Wild Pitch! Ismael Ortíz to third Robbie Rhodes to second 1-1: Ground out 4-3 (Groundball, 4D) Ismael Ortíz scores Robbie Rhodes to third | Batting: LHB Héctor Santos | 0-0: Ball 1-0: Called Strike 1-1: Ball 2-1: Swinging Strike 2-2: SINGLE (Flyball, 78S) Robbie Rhodes scores | Batting: RHB Julián García | 0-0: Swinging Strike 0-1: Ball 1-1: Called Strike 1-2: Fielders Choice at 2nd, 6-4 (Groundball, 6) | Bottom of the 3rd over - 2 runs, 3 hits, 0 errors, 1 left on base; Bismarck 3 - Red Deer 5 | TOP OF THE 4TH |
---|
Bismarck Barons batting - Pitching for Red Deer Wranglers : RHP José Fernández | Batting: LHB Orlando Hernández | 0-0: Foul Ball, location: 2F 0-1: Called Strike 0-2: Ball 1-2: Foul Ball, location: 2F 1-2: Strikes out swinging | Batting: RHB José Ruíz | 0-0: Called Strike 0-1: Ball 1-1: Ball 2-1: Ball 3-1: Fly out, F8 (Flyball, 8RD) | Batting: RHB Xie-li Fong | 0-0: Ground out 6-3 (Groundball, 6M) | Top of the 4th over - 0 runs, 0 hits, 0 errors, 0 left on base; Bismarck 3 - Red Deer 5 | BOTTOM OF THE 4TH |
---|
Red Deer Wranglers batting - Pitching for Bismarck Barons : RHP Kyle Horton | Batting: RHB Joe Lewis | 0-0: Ball 1-0: Foul Ball, location: 2F 1-1: Swinging Strike 1-2: Ball 2-2: Ball 3-2: Base on Balls | Batting: LHB Edgar López | 0-0: Called Strike 0-1: Ball 1-1: Ball 2-1: Fly out, F2 (Popup, 2LF) | Batting: LHB Jorge Olvera | 0-0: Fly out, F7 (Flyball, 7S) | Batting: RHB Pedro Cabrera | 0-0: SINGLE (Groundball, 6) (infield hit) Joe Lewis to second | Batting: RHB Ismael Ortíz | 0-0: Swinging Strike 0-1: Ball 1-1: Swinging Strike 1-2: Ball 2-2: Strikes out swinging | Bottom of the 4th over - 0 runs, 1 hit, 0 errors, 2 left on base; Bismarck 3 - Red Deer 5 | TOP OF THE 5TH |
---|
Bismarck Barons batting - Pitching for Red Deer Wranglers : RHP José Fernández | Batting: RHB Pedro García | 0-0: Called Strike 0-1: Ball 1-1: Foul Ball, location: 2F 1-2: Ball 2-2: Strikes out swinging | Batting: RHB Rubén Palma | 0-0: Ball 1-0: Foul Ball, location: 2F 1-1: Ground out 3-1 (Groundball, 34) | Batting: RHB Fernando Castellanos | 0-0: Called Strike 0-1: Ball 1-1: Ball 2-1: Foul Ball, location: 2F 2-2: Ball 3-2: Base on Balls | Pitching: LHP Macy Catron | | Batting: LHB Brian Easdale | 0-0: Fly out, F9 (Flyball, 89S) | Top of the 5th over - 0 runs, 0 hits, 0 errors, 1 left on base; Bismarck 3 - Red Deer 5 | BOTTOM OF THE 5TH |
---|
Red Deer Wranglers batting - Pitching for Bismarck Barons : RHP Kyle Horton | Batting: SHB Robbie Rhodes | 0-0: Called Strike 0-1: Ball 1-1: Foul Ball, location: 2F 1-2: Ground out 5-3 (Groundball, 56S) | Batting: RHB Xavier López | 0-0: Ball 1-0: SINGLE (Flyball, 8RS) | Batting: LHB Héctor Santos | 0-0: Called Strike 0-1: Ball 1-1: Ball 2-1: Swinging Strike Passed Ball! Xavier López to second 2-2: Strikes out swinging | Batting: RHB Julián García | 0-0: Foul Ball, location: 2F 0-1: Ball 1-1: Ball 2-1: Fly out, F7 (Flyball, 78S) | Bottom of the 5th over - 0 runs, 1 hit, 0 errors, 1 left on base; Bismarck 3 - Red Deer 5 | TOP OF THE 6TH |
---|
Bismarck Barons batting - Pitching for Red Deer Wranglers : LHP Macy Catron | Batting: LHB Jorge Fernández | 0-0: Ball 1-0: SINGLE (Flyball, 8RS) | Batting: RHB Eugenio Maldonado | 0-0: Called Strike 0-1: Foul Ball, location: 2F 0-2: Foul Ball, location: 2F 0-2: Ball 1-2: Foul Ball, location: 2F 1-2: Ball 2-2: Ball 3-2: Fly out, F8 (Flyball, 78D) | Batting: LHB Orlando Hernández | 0-0: Ball 1-0: Ball 2-0: Ball 3-0: Called Strike 3-1: Base on Balls Jorge Fernández to second | Batting: RHB José Ruíz | 0-0: Ball 1-0: Fielders Choice at 2nd, 1-6 (Groundball, 13) Jorge Fernández to third | Batting: RHB Xie-li Fong | 0-0: SINGLE (Groundball, 4D) Jorge Fernández scores José Ruíz to second Runner from 2nd tries for 3rd, OUT! | Top of the 6th over - 1 run, 2 hits, 0 errors, 1 left on base; Bismarck 4 - Red Deer 5 | BOTTOM OF THE 6TH |
---|
Red Deer Wranglers batting - Pitching for Bismarck Barons : RHP Kyle Horton | Batting: RHB Joe Lewis | 0-0: Fly out, F8 (Flyball, 8RD) | Batting: LHB Edgar López | 0-0: Ground out 6-3 (Groundball, 6D) | Batting: LHB Jorge Olvera | 0-0: Ball 1-0: Called Strike 1-1: Foul Ball, location: 2F 1-2: Ball 2-2: Foul Ball, location: 2F 2-2: Strikes out swinging | Bottom of the 6th over - 0 runs, 0 hits, 0 errors, 0 left on base; Bismarck 4 - Red Deer 5 | TOP OF THE 7TH |
---|
Bismarck Barons batting - Pitching for Red Deer Wranglers : LHP Macy Catron | Batting: RHB Pedro García | 0-0: Swinging Strike 0-1: Foul Ball, location: 2F 0-2: Ball 1-2: Ball 2-2: Ball 3-2: Strikes out swinging | Batting: RHB Rubén Palma | 0-0: Ground out 5-3 (Groundball, 5) | Batting: RHB Fernando Castellanos | 0-0: SINGLE (Line Drive, 78M) | Batting: LHB Brian Easdale | 0-0: Foul Ball, location: 2F 0-1: Swinging Strike 0-2: Foul Ball, location: 2F 0-2: Foul Ball, location: 2F 0-2: Foul Ball, location: 2F 0-2: Ball 1-2: Ball 2-2: Strikes out looking | Top of the 7th over - 0 runs, 1 hit, 0 errors, 1 left on base; Bismarck 4 - Red Deer 5 | BOTTOM OF THE 7TH |
---|
Red Deer Wranglers batting - Pitching for Bismarck Barons : RHP Kyle Horton | Pitching: LHP Tom Hale | | Batting: RHB Pedro Cabrera | 0-0: Ball 1-0: SOLO HOME RUN (Flyball, 7D), Distance : 346 ft | Batting: RHB Ismael Ortíz | 0-0: Called Strike 0-1: Ball 1-1: Ball 2-1: Ball 3-1: Base on Balls | Batting: SHB Robbie Rhodes | 0-0: Called Strike 0-1: Bunted foul 0-2: Strikes out swinging | Batting: RHB Xavier López | 0-0: Called Strike 0-1: Ball 1-1: SINGLE (Groundball, 6MD) Ismael Ortíz to second | Pinch Hitting: RHB Steve Burton | 0-0: Called Strike 0-1: Called Strike 0-2: Foul Ball, location: 2F 0-2: SINGLE (Line Drive, 6MD) Ismael Ortíz to third Xavier López to second | Batting: RHB Julián García | 0-0: Ball 1-0: Grounds into fielders choice 3-2 (Groundball, 34) Xavier López to third Steve Burton to second | Batting: RHB Joe Lewis | 0-0: Swinging Strike 0-1: Foul Ball, location: 2F 0-2: Strikes out swinging | Bottom of the 7th over - 1 run, 3 hits, 0 errors, 3 left on base; Bismarck 4 - Red Deer 6 | TOP OF THE 8TH |
---|
Bismarck Barons batting - Pitching for Red Deer Wranglers : LHP Macy Catron | Now at 1B: Art Cameron | | Batting: LHB Jorge Fernández | 0-0: SOLO HOME RUN (Flyball, 9LD), Distance : 333 ft | Pitching: RHP Dusty Smith | | Batting: RHB Eugenio Maldonado | 0-0: Foul Ball, location: 2F 0-1: Ball 1-1: Ball 2-1: Ball 3-1: Called Strike 3-2: Strikes out swinging | Batting: LHB Orlando Hernández | 0-0: Called Strike 0-1: Ball 1-1: Ball 2-1: Foul Ball, location: 2F 2-2: Ball 3-2: Base on Balls | Pinch Hitting: LHB Corey MacGregor | 0-0: Foul Ball, location: 2F 0-1: Ball 1-1: Ball 2-1: SINGLE (Flyball, 8RS) Orlando Hernández to second Runner from 2nd tries for 3rd, SAFE, no throw | Pinch Hitting: SHB José Gonzáles | 0-0: Ball 1-0: Foul Ball, location: 2F 1-1: Ball 2-1: SINGLE (Groundball, 4MD) Orlando Hernández scores Corey MacGregor to second | Pinch Hitting: RHB Félix Trevino | 0-0: Foul Ball, location: 2F 0-1: Called Strike 0-2: Strikes out swinging | Pinch Hitting: LHB Ralph Jackson | 0-0: Ball 1-0: Foul Ball, location: 2F 1-1: Ball 2-1: Ball 3-1: Base on Balls Corey MacGregor to third José Gonzáles to second | Batting: RHB Fernando Castellanos | 0-0: Ball 1-0: Swinging Strike 1-1: Swinging Strike 1-2: Fly out, F7 (Flyball, 78M) | Top of the 8th over - 2 runs, 3 hits, 0 errors, 3 left on base; Bismarck 6 - Red Deer 6 | BOTTOM OF THE 8TH |
---|
Red Deer Wranglers batting - Pitching for Bismarck Barons : LHP Tom Hale | Now at 3B: Tomás Rivera | | Now at SS: Phil Cabrera | | Now in CF: José Gonzáles | | Now in RF: Ralph Jackson | | Batting: LHB Edgar López | 0-0: Ball 1-0: DOUBLE (Line Drive, 9LM) | Batting: LHB Jorge Olvera | 0-0: Called Strike 0-1: Ball 1-1: Ball 2-1: Ground out 4-3 (Groundball, 4) Edgar López to third | Batting: RHB Pedro Cabrera | 0-0: Called Strike 0-1: Called Strike 0-2: Ball 1-2: SINGLE (Groundball, 6MD) Edgar López scores | Batting: RHB Ismael Ortíz | 0-0: Ball 1-0: Called Strike 1-1: 2-RUN HOME RUN (Flyball, 7D), Distance : 344 ft | Pitching: LHP Charlie Conner | | Batting: SHB Robbie Rhodes | 0-0: Ball 1-0: Ball 2-0: Ball 3-0: Called Strike 3-1: Foul Ball, location: 2F 3-2: SINGLE (Line Drive, 4M) | Batting: RHB Xavier López | 0-0: DOUBLE (Line Drive, 7LD) Robbie Rhodes to third Runner from 3rd tries for Home, SAFE, no throw | Batting: RHB Art Cameron | 0-0: Called Strike 0-1: Swinging Strike 0-2: SINGLE (Flyball, 8RS) Xavier López to third | Batting: RHB Julián García | 0-0: Called Strike 0-1: Ball 1-1: Swinging Strike 1-2: Ball 2-2: Foul Ball, location: 2F 2-2: SINGLE (Groundball, 4MD) Xavier López scores Art Cameron to second Art Cameron to third | Batting: RHB Joe Lewis | 0-0: Ball Julián García steals 2nd base 1-0: Fly out, F9 (Flyball, 9LM) Runner from 3rd tags up, SCORES, no throw | Batting: LHB Edgar López | 0-0: Ball 1-0: Foul Ball, location: 2F 1-1: Swinging Strike 1-2: Foul Ball, location: 2F 1-2: Strikes out swinging | Bottom of the 8th over - 6 runs, 7 hits, 0 errors, 1 left on base; Bismarck 6 - Red Deer 12 | TOP OF THE 9TH |
---|
Bismarck Barons batting - Pitching for Red Deer Wranglers : RHP Dusty Smith | Now at C: Ricardo González | | Batting: LHB Brian Easdale | 0-0: Ball 1-0: Foul Ball, location: 2F 1-1: Fly out, F9 (Flyball, 89M) | Batting: LHB Jorge Fernández | 0-0: Swinging Strike 0-1: Ball 1-1: Called Strike 1-2: Ball 2-2: Ball 3-2: Base on Balls | Batting: RHB Eugenio Maldonado | 0-0: Ball 1-0: Ball 2-0: Foul Ball, location: 2F 2-1: Ball 3-1: Called Strike 3-2: Base on Balls Jorge Fernández to second | Batting: LHB Orlando Hernández | 0-0: Called Strike 0-1: Foul Ball, location: 2F 0-2: Ball 1-2: Ball 2-2: Strikes out looking | Batting: RHB Tomás Rivera | 0-0: Ball 1-0: Swinging Strike 1-1: Foul Ball, location: 2F 1-2: Foul Ball, location: 2F 1-2: Strikes out swinging | Top of the 9th over - 0 runs, 0 hits, 0 errors, 2 left on base; Bismarck 6 - Red Deer 12 | |